 Dungeon Crawl Stone Soup version 0.27-a0-148-g9515ab555c (webtiles) character file.

Game seed: 6277607706093180515

30 knot the Chopper (level 3, 28/43 HPs)
             Began as a Demonspawn Berserker on Jan 27, 2021.
             Was a Believer of Trog.
             Quit the game on level 1 of the Dungeon.
             The game lasted 00:01:24 (774 turns).

knot the Chopper (Demonspawn Berserker)              Turns: 774, Time: 00:01:24

Health: 28/43      AC:  2    Str: 17    XL:     3   Next: 5%
Magic:  3/3        EV: 12    Int:  9    God:    Trog [**....]
Gold:   63         SH:  0    Dex: 12    Spells: 2/2 levels left

rFire    . . .     SeeInvis .   a - +0 hand axe
rCold    . . .     Faith    .   (no shield)
rNeg     . . .     Spirit   .   b - +0 animal skin
rPois    .         Reflect  .   (helmet restricted)
rElec    .         Harm     .   (no cloak)
rCorr    .         Rampage  .   (no gloves)
Will     .....                  (no boots)
Stlth    ..........             (no amulet)
HPRegen  0.14/turn              (no ring)
MPRegen  0.08/turn              (no ring)

@: berserking, very quick
A: antennae 1, demonic guardian 1
a: Renounce Religion, Berserk, Trog's Hand


You were on level 1 of the Dungeon.
You worshipped Trog.
Trog was pleased with you.
You visited 1 branch of the dungeon, and saw 1 of its levels.

You collected 63 gold pieces.

Inventory:

Hand Weapons
 a - a +0 hand axe (weapon)
Missiles
 d - 6 stones
 e - a throwing net
 g - 31 sling bullets
 i - 12 poisoned darts (quivered)
Armour
 b - a +0 animal skin (worn)
Scrolls
 c - a scroll of teleportation {unknown}
 f - a scroll of remove curse {unknown}
 j - a scroll of immolation {unknown}
Potions
 h - a potion of curing {unknown}


   Skills:
 - Level 3.0 Fighting
 * Level 3.8 Axes
 * Level 0.1 Throwing
 - Level 1.7 Armour
 - Level 1.7 Dodging


You had 2 spell levels left.
You didn't know any spells.
Your spell library was empty.

Dungeon Overview and Level Annotations

Branches:
Dungeon (1/15)

Altars:


Innate Abilities, Weirdness & Mutations

You have a pair of small antennae on your head.
A weak demonic guardian rushes to your aid.


Message History

The jackal looks more healthy.
The giant cockroach closely misses you. The jackal bites you.
The giant cockroach bites you. The jackal barely misses you.
A red film seems to cover your vision as you go berserk!
You feel yourself moving faster!
You feel mighty! The giant cockroach bites you.
You slash the jackal!
You feel the power of Trog in you as your rage grows.
You kill the jackal!
Trog accepts your kill.
You hit the giant cockroach.
You feel the power of Trog in you as your rage grows.
You kill the giant cockroach!
Trog accepts your kill.
You have reached level 3!
Your experience leads to an increase in your attributes!
Increase (S)trength, (I)ntelligence, or (D)exterity?
You feel clever.
Your demonic ancestry asserts itself...
You feel the presence of a demonic guardian.
Are you sure you want to abandon this character and quit the game? (Confirm with "yes".)

#.#.'...≈≈+#++..
#.#.#..).≈≈≈.#..
#.#.#....#.≈≈≈..
#.#.#....#.#.##.
#.#.#....#.#.##. .
#.#.#....#.#.##. ...
#.....####.#.#
.....######.#.####.#.###
...(..h@................
#.(....†....#.####.#.#..
#........####.# #.#.#..
#............†####.#.###
.......................#
####.###.#########†#.#.. #. #.
.#.......###.#....
###.########.##..........####.
..............#...........#....


You could see a jackal.

Vanquished Creatures
  A ball python (D:1)
  5 bats (D:1)
  A giant cockroach (D:1)
  A goblin (D:1)
  3 hobgoblins (D:1)
  8 jackals (D:1)
  3 kobolds (D:1)
  3 frilled lizards (D:1)
  A rat (D:1)
26 creatures vanquished.

Notes
Turn   | Place    | Note
-------+----------+-------------------------------------------
     0 | D:1      | knot the Demonspawn Berserker began the quest for the Orb.
     0 | D:1      | Reached XP level 1. HP: 18/18 MP: 1/1
   180 | D:1      | Gained mutation: You have a pair of small antennae on your
                  | head. [demonic ancestry]
   180 | D:1      | Reached XP level 2. HP: 17/24 MP: 2/2
   613 | D:1      | Reached ** piety under Trog
   774 | D:1      | Gained mutation: A weak demonic guardian rushes to your
                  | aid. [demonic ancestry]
   774 | D:1      | Reached XP level 3. HP: 28/29 MP: 3/3
   774 | D:1      | Quit the game

Illustrated notes

Levels and vault maps discovered:
D:1:      wander_arrival_estate, layout_basic, chequers_serial_rivers_small_b

Skill      XL: |  1 |
---------------+----+-----
Axes           | 3 |  3.8
Fighting       | |  3.0
Throwing       | |  0.1
Armour         | |  1.7
Dodging        | |  1.7

Action                   || total
-------------------------++-------
Melee: Hand axe          ||    56
Throw: Stone             ||     5
       Dart              ||     2
Invok: Berserk           ||     3
Armor: Animal skin       ||    14
Dodge: Dodged            ||    54

Table legend: (Time is in decaauts)
 A = Elapsed time spent in this place.
 B = Non-inter-level travel time spent in this place.
 C = Inter-level travel time spent in this place.
 D = Time resting spent in this place.
 E = Time spent auto-exploring this place.
 F = Levels seen in this place.
 G = Mean time per level.
                   A        B        C        D        E       F      G
               +--------+--------+--------+--------+--------+-----+--------+
         Total |    801 |    801 |      0 |    265 |    391 |   1 |  801.0 |
       Dungeon |    801 |    801 |      0 |    265 |    391 |   1 |  801.0 |
               +--------+--------+--------+--------+--------+-----+--------+

Top non-repeatable levels by time:
     D:1: 801 daAuts
